 Dungeon Crawl Stone Soup version 0.30.0-10-gfe55d96785 (webtiles) character file.

Game seed: 11053340576779532040

119 GigaChad the Shield-Bearer (level 5, -7/42 HPs)
             Began as a Formicid Fighter on May 14, 2023.
             Splashed by a jelly's acid (10 damage)
             ... on level 4 of the Dungeon.
             The game lasted 00:05:50 (2013 turns).

GigaChad the Shield-Bearer (Formicid Fighter)       Turns: 2013, Time: 00:05:50

Health: -7/42      AC: -8    Str: 22    XL:     5   Next: 23%
Magic:  5/5        EV:  7    Int:  8    God:
Gold:   221        SH: 13    Dex: 13    Spells: 4/4 levels left

rFire   . . .        a - +1 war axe
rCold   . . .        f - +0 tower shield
rNeg    . . .        b - +0 scale mail
rPois   .            (helmet unavailable)
rElec   .            (no cloak)
rCorr   .            (no gloves)
SInv    +            (no boots)
Will    .....        (no amulet) Stlth
                     (no ring)
HPRegen 0.27/turn    (no ring)
MPRegen 0.09/turn

%: no passive effects
@: corroded
A: permanent stasis, dig shafts and tunnels, antennae 3, four strong arms
a: Dig, Shaft Self


You were on level 4 of the Dungeon.
You visited 1 branch of the dungeon, and saw 4 of its levels.

You collected 221 gold pieces.

Inventory:

Hand Weapons
 a - a +1 war axe (weapon)
Armour
 b - a +0 scale mail (worn)
 c - a +0 buckler
 f - a +0 tower shield (worn)
Scrolls
 i - a scroll of fog {unknown}
 k - a scroll of identify
 l - a scroll of enchant armour {unknown}
 m - a scroll of teleportation
Potions
 d - a potion of might
 e - 2 potions of attraction {unknown}
 g - a potion of lignification {unknown}
 h - 2 potions of mutation {unknown}
 j - a potion of magic {unknown}
 n - 3 potions of curing {unknown}


   Skills:
 * Level 3.9 Fighting
 * Level 3.4 Axes
 * Level 4.0 Armour
 * Level 4.9 Shields


You had 4 spell levels left.
You didn't know any spells.
Your spell library contained the following spells:

 Spells                   Type           Power      Damage    Failure   Level
 Beastly Appendage        Tmut           0%         N/A       100%        1
 Summon Small Mammal      Summ           0%         N/A       100%        1
 Wereblood                Tmut           0%         N/A       100%        2
 Call Canine Familiar     Summ           0%         N/A       100%        3
 Spider Form              Tmut/Pois      0%         N/A       100%        3
 Summon Guardian Golem    Hex/Summ       0%         N/A       100%        3


Dungeon Overview and Level Annotations

Branches:
Dungeon (4/15)
 Temple: D:4-7

Altars:
Vehumet

Shops:
D:1 *   D:2 ?

Annotations:
D:3 exclusion: statue


Innate Abilities, Weirdness & Mutations

You cannot be hasted, slowed, berserked, paralysed or teleported.
You can dig through walls and to a lower floor.
You have a pair of large antennae on your head. (SInv)
Your four strong arms can wield two-handed weapons with a shield.


Message History

Key pressed, stopping explore.
No target in view!
No target in view!
No target in view!
There is a shaft here.
You see here a +0 ring mail.
Partly explored, can't reach some places.
Partly explored, can't reach some places.
No target in view!
Partly explored, can't reach some places.
No target in view!
No target in view!
There is a stone staircase leading down here.
You climb downwards.
The jelly quivers.
Found 17 gold pieces.
There is a stone staircase leading up here.
You block the jelly's attack.
You hit the jelly. The acid corrodes you!
Your hands burn!
The jelly is lightly wounded.
The jelly hits you.
You are splashed with acid!
You hit the jelly. The acid corrodes you!
Your hands burn!
The jelly is moderately wounded.
You block the jelly's attack. The jelly hits you. The acid corrodes you!
You are splashed with acid.
You are too injured to fight recklessly!
You are too injured to fight recklessly!
You are too injured to fight recklessly!
You are too injured to fight recklessly!
You hit the jelly.
Your hands burn!
The jelly is heavily wounded.
You block the jelly's attack.
You hit the jelly. The acid corrodes you!
Your hands burn!
The jelly is almost dead.
The jelly hits you. The acid corrodes you!
You are splashed with acid!
* * * LOW HITPOINT WARNING * * *
The jelly hits you.
* * * LOW HITPOINT WARNING * * *
You are splashed with acid!
You die...

#......# ..#
+......# ..+
#......+ ..$#
#......# ...#
#......##...##
##............#
#.............#
#....J@.<.....#
#.............#
##......##....#
######## #####


You could see a jelly.

Vanquished Creatures
  Terence (D:2)
  2 adders
  A worm (D:2)
  3 dart slugs
  An orc (D:3)
  5 ball pythons
  4 bats
  2 endoplasms (D:1)
  3 giant cockroaches
  10 goblins
  7 hobgoblins
  4 jackals
  6 kobolds
  2 quokkas
  4 frilled lizards
  7 rats
62 creatures vanquished.

Notes
Turn   | Place    | Note
-------+----------+-------------------------------------------
     0 | D:1      | GigaChad the Formicid Fighter began the quest for the Orb.
     0 | D:1      | Reached XP level 1. HP: 18/18 MP: 1/1
    46 | D:1      | Reached XP level 2. HP: 24/24 MP: 2/2
   193 | D:1      | Reached XP level 3. HP: 28/29 MP: 3/3
   379 | D:1      | Found Aci Jeod's General Store.
   797 | D:2      | Reached XP level 4. HP: 35/37 MP: 4/4
   977 | D:2      | Noticed Terence
   995 | D:2      | Killed Terence
  1120 | D:2      | Found Hosmuicuu's Magic Scroll Shop.
  1339 | D:3      | Reached XP level 5. HP: 41/42 MP: 5/5
  1388 | D:3      | Found a radiant altar of Vehumet.
  1388 | D:3      | Noticed a charred statue
  2013 | D:4      | Splashed by a jelly's acid

Illustrated notes

Levels and vault maps discovered:
D:1:      mushboom_english_gardens, layout_loops_ring, serial_shops,
          nicolae_shop_real_fake_doors, nicolae_figureground_sparkle
D:2:      layout_basic, serial_shops, nicolae_shop_rolled_up, uniq_terence
D:3:      corexii_shack_village, layout_loops_ring, vehumet_statue
D:4:      layout_gridville

Skill      XL: |  1  2  3  4 |
---------------+-------------+-----
Axes           | 3 |  3.4
Armour         | 4 |  4.0
Fighting       | |  3.9
Shields        | |  4.9

Action                     |  1- 3 |  4- 6 || total
---------------------------+-------+-------++-------
  Melee: War axe           |    65 |   101 ||   166
    Use: Scroll            |       |     5 ||     5
 Armour: Scale mail        |    25 |    43 ||    68
  Dodge: Dodged            |    31 |    26 ||    57
  Block: Buckler           |    16 |       ||    16
         Tower shield      |     5 |    77 ||    82
